 Dungeon Crawl Stone Soup version 0.29.1-2-gbd0b4ee654 (webtiles) character file.

Game seed: 7167796433151156582

9889 croobank the Destroyer (level 11, -4/85 HPs)
             Began as a Demonspawn Conjurer on Nov 20, 2022.
             Was an Initiate of Gozag.
             Slain by an orc warrior
             ... wielding a +0 halberd
              (15 damage)
             ... on level 10 of the Dungeon.
             The game lasted 01:04:56 (18778 turns).

croobank the Destroyer (Demonspawn Conjurer)       Turns: 18778, Time: 01:04:57

Health: -4/85      AC:  4    Str: 10    XL:     11   Next: 29%
Magic:  14/22      EV: 18    Int: 24    God:    Gozag
Gold:   1892       SH:  0    Dex: 11    Spells: 7/25 levels left

rFire   . . .      SeeInvis .   I - +3 hand axe (flame)
rCold   . . .      Faith    .   (no shield)
rNeg    . . .      Spirit   .   z - +1 robe of the Cooper {Str+2 Stlth+}
rPois   +          Reflect  .   (no helmet)
rElec   .          Harm     .   (no cloak)
rCorr   .          Rampage  .   (no gloves)
Will    .....                   f - +0 pair of boots
Stlth   ++++......              G - amulet of magic regeneration
HPRegen 0.24/turn               l - +4 ring of evasion
MPRegen 0.58/turn               s - ring of poison resistance

@: no status effects
A: foul stench 2, spiny 1, weakness stinger 1
a: Renounce Religion, Potion Petition, Call Merchant, Bribe Branch


You were on level 10 of the Dungeon.
You worshipped Gozag.
Gozag was most pleased with you.
You visited 3 branches of the dungeon, and saw 13 of its levels.
You also visited: Bailey.

You collected 2214 gold pieces.
You spent 236 gold pieces at shops.
You paid 86 gold pieces to Gozag.

Inventory:

Hand Weapons
 i - the +7 long sword of Earthquakes {vamp, rElec rN+ Dex-5 Stlth+}
   (You found it on level 3 of the Dungeon)

   It occasionally heals its wielder for a portion of the damage dealt when it
   wounds a living foe.
   Dex:       It affects your dexterity (-5).
   rElec:     It insulates you from electricity.
   rN:        It protects you from negative energy.
   Stlth:     It makes you more stealthy.
 v - a +2 scimitar
 w - a +0 falchion
 x - a +3 short sword
 A - a +2 dagger of venom
 F - a +3 vampiric war axe
 I - a +3 hand axe of flaming (weapon)
Missiles
 b - 4 javelins
 p - 12 boomerangs (quivered)
Armour
 f - a +0 pair of boots (worn)
 k - a +0 leather armour
 z - the +1 robe of the Cooper (worn) {Str+2 Stlth+}
   (You found it on level 5 of the Dungeon)

   Str:       It affects your strength (+2).
   Stlth:     It makes you more stealthy.
Magical Staves
 g - a staff of conjuration
 u - a staff of fire
Jewellery
 l - a +4 ring of evasion (left hand)
 s - a ring of poison resistance (right hand)
 G - an amulet of magic regeneration (around neck)
Wands
 a - a wand of polymorph (2)
 c - a wand of flame (24)
 D - a wand of paralysis (4)
 K - a wand of light (5)
Scrolls
 e - a scroll of silence
 h - 4 scrolls of amnesia
 m - a scroll of brand weapon
 o - 2 scrolls of identify
 r - 2 scrolls of immolation
 t - a scroll of teleportation
 y - a scroll of poison
 H - 3 scrolls of fear {unknown}
 J - a scroll of blinking
Potions
 d - 4 potions of might
 j - 2 potions of flight
 n - 7 potions of mutation {unknown}
 q - 3 potions of curing
 B - a potion of brilliance {unknown}
 C - a potion of cancellation {unknown}
 E - a potion of lignification {unknown}


   Skills:
 + Level 7.7 Fighting
 + Level 1.8 Axes
 + Level 7.3 Dodging
 - Level 5.1 Stealth
 + Level 7.5 Spellcasting
 + Level 8.9 Conjurations
 + Level 4.0 Hexes
 - Level 3.0 Summonings
 + Level 2.4 Translocations
 + Level 2.3 Transmutations


You had 7 spell levels left.
You knew the following spells:

 Your Spells              Type           Power      Damage    Failure   Level
a - Magic Dart            Conj           100%       1d8       1%          1
b - Searing Ray           Conj           100%       2d8       1%          2
c - Dazzling Flash        Conj/Hex       78%        N/A       1%          3
d - Call Canine Familiar  Summ           23%        N/A       6%          3
e - Iskenderun's Mystic   Conj/Tloc      36%        2d9       7%          4
f - Wereblood             Tmut           20%        N/A       4%          2
g - Stone Arrow           Conj/Erth      60%        3d10      3%          3

Your spell library contained the following spells:

 Spells                   Type           Power      Damage    Failure   Level
 Slow                     Hex            100%       N/A       1%          1
 Confusing Touch          Hex            28%        N/A       4%          3
 Fulminant Prism          Conj/Hex       19%        3d11      4%          4
 Iskenderun's Battlesphe  Conj           51%        2d10      4%          5
 Portal Projectile        Hex/Tloc       48%        N/A       5%          3
 Freeze                   Ice            36%        1d6       7%          1
 Sublimation of Blood     Necr           9%         N/A       11%         2
 Hailstorm                Conj/Ice       30%        3d8       11%         4
 Frozen Ramparts          Ice            18%        1d3       21%         3
 Vampiric Draining        Necr           9%         2d6       21%         3
 Leda's Liquefaction      Hex/Erth       9%         N/A       30%         4
 Animate Armour           Summ/Erth      32%        N/A       36%         4
 Iron Shot                Conj/Erth      15%        9d4       86%         6
 Spellforged Servitor     Conj/Summ      18%        N/A       99%         7
 Summon Hydra             Summ           11%        N/A       100%        7
 Lehudib's Crystal Spear  Conj/Erth      15%        10d5      100%        8


Dungeon Overview and Level Annotations

Branches:
Dungeon (11/15)            Temple (1/1) D:5            Lair (1/5) D:8
    Orc (0/2) D:9          Bailey (visited)

Altars:
Ashenzari
Cheibriados
Dithmenos
Fedhas
Gozag
Hepliaklqana
Kikubaaqudgha
Makhleb
Nemelex Xobeh
Okawaru
Qazlal
Ru
Sif Muna
Trog
Uskayaw
Vehumet
Wu Jian
Xom
Yredelemnul

Shops:
D:1 !   D:3 ?

Annotations:
D:10 3 runed translucent doors, LustLizard's ghost, journeyman DEAM; lokiplouj's ghost, novice MiBe; qeuew's ghost, novice DsGl


Innate Abilities, Weirdness & Mutations

You sometimes emit foul miasma when damaged in melee.
You are partially covered in sharp spines.
You have a small tail.


Message History

The orc warrior hits you with a +0 halberd!!
* * * LOW HITPOINT WARNING * * *
Casting: Dazzling Flash (safe; 1% risk of failure)
Confirm with . or Enter, or press ? or * to list all spells.
Casting: Dazzling Flash (safe; 1% risk of failure)
Press: ? - help, Dir - look around, f - activate The orc warrior is dazzled.
The vampire mosquito buzzes angrily.
The orc warrior misses you. The vampire mosquito bites you!
* * * LOW HITPOINT WARNING * * *
The vampire mosquito draws strength from your injuries!
You emit a cloud of foul miasma!
The vampire mosquito bites you.
* * * LOW HITPOINT WARNING * * *
The vampire mosquito draws strength from your injuries!
A vampire mosquito comes into view.
There is a stone staircase leading up, spattered with blood here.
The vampire mosquito is struck by your spines.
The vampire mosquito completely misses you.
The orc warrior barely misses you.
The vampire mosquito completely misses you.
You climb upwards.
Level annotation: 3 runed translucent doors, LustLizard's ghost, journeyman DEAM; lokiplouj's ghost, novice MiBe; qeuew's ghost, novice DsGl
There is a stone staircase leading down here.
Casting: Dazzling Flash (safe; 1% risk of failure)
Confirm with . or Enter, or press ? or * to list all spells.
You erupt in a blast of force!
The mystic blast hits the orc warrior!
The orc warrior is heavily wounded.
The orc warrior is knocked back by the mystic blast.
The orc warrior slams into the rock wall!
The orc warrior is severely wounded.
The mystic blast hits the vampire mosquito but does no damage.
The vampire mosquito is moderately damaged.
The vampire mosquito is struck by your spines.
The vampire mosquito barely misses you. x2
The orc warrior is no longer blind.
The vampire mosquito completely misses you.
The orc warrior hits you from afar with a +0 halberd!
You die...
Your body crumbles into a pile of gold.

#######
######.....##############
###...##)###...............
#.....)))..#..###.#......##
#.#...##)y....# #.#......#
#######.#...##.)@.o## #........#
#.....#.#...##...######.##.#####
#.###.#.#...##..........##.# #.#
#.#.######.##..#######.# #.#
#.#.# #.###.##### #.# #<# #.#.#
#.# #.....###.# ### #.#.#
##.#######.....# #.#.# #......#
#...##### ###.#.# #......#
#.#.....#


You could see an orc warrior and a vampire mosquito.

Vanquished Creatures
  A two-headed ogre (D:9)
  3 trolls
  2 hornets (D:10)
  Grinder (D:6)
  A shadow (D:10)
  4 wyverns (D:8)
  A wraith (D:9)
  3 yaks (D:8)
  A basilisk (D:8)
  2 humans (D:8)
  A steam dragon (D:7)
  Menkaure (D:4)
  A warg (D:9)
  4 water moccasins
  Duvessa (D:7)
  13 orc warriors
  A sky beast (D:7)
  An ogre (D:5)
  A black bear (D:8)
  3 wolves
  7 centaurs
  A phantom (D:6)
  3 kobold brigands
  A necrophage (D:5)
  2 gnoll sergeants
  2 scorpions
  10 wights
  Dowan (D:7)
  4 killer bees (D:8)
  2 electric eels (Bailey)
  3 centaur zombies (D:8)
  2 jellies
  13 orc priests
  5 hounds
  3 iguanas
  Natasha (thrice) (D:2)
  13 orc wizards
  2 killer bee zombies (D:8)
  A howler monkey zombie (D:8)
  17 gnolls
  11 adders
  2 shadow imps
  2 white imps
  2 ufetubi
  4 worms
  6 dart slugs
  75 orcs
  9 endoplasms
  2 giant cockroaches
  9 goblins
  16 hobgoblins
  4 jackals (D:4)
  4 quokkas
  9 ball pythons
  6 bats
  2 frilled lizards
  24 kobolds
  5 rats
333 creatures vanquished.

Vanquished Creatures (collateral kills)
  A gnoll (Bailey)
  A hobgoblin (Bailey)
2 creatures vanquished.

Vanquished Creatures (others)
  A bush (D:8)
  2 fungi (D:8)
  24 plants
  7 withered plants
34 creatures vanquished.

Grand Total: 369 creatures vanquished

Notes
Turn   | Place    | Note
-------+----------+-------------------------------------------
     0 | D:1      | croobank the Demonspawn Conjurer began the quest for the
                  | Orb.
     0 | D:1      | Reached XP level 1. HP: 13/13 MP: 3/3
   253 | D:1      | Gained mutation: You may rarely emit foul miasma when
                  | damaged in melee. [demonic ancestry]
   253 | D:1      | Reached XP level 2. HP: 19/19 MP: 0/5
   417 | D:1      | Found Justrob's Distillery.
   670 | D:1      | Learned a level 2 spell: Searing Ray
   875 | D:2      | Gained mutation: You sometimes emit foul miasma when
                  | damaged in melee. [demonic ancestry]
   875 | D:2      | Reached XP level 3. HP: 25/25 MP: 2/6
   879 | D:2      | Learned a level 3 spell: Dazzling Flash
  1248 | D:2      | Found a faded altar of an unknown god.
  1822 | D:2      | Noticed Natasha
  1826 | D:2      | Killed Natasha
  1827 | D:2      | Reached skill level 1 in Fighting
  1827 | D:2      | Reached XP level 4. HP: 32/32 MP: 2/7
  2519 | D:3      | Found a burning altar of Makhleb.
  2704 | D:3      | Found Oclubb's Magic Scroll Shop.
  2711 | D:3      | Bought a scroll of identify for 26 gold pieces
  2738 | D:3      | Identified the +7 long sword of Earthquakes {vamp, rElec
                  | rN+ Dex-5 Stlth+}
  2966 | D:3      | Reached XP level 5. HP: 26/37 MP: 0/9
  3242 | D:3      | Found an ornate altar of the Wu Jian Council.
  3242 | D:3      | Found a sparkling altar of Nemelex Xobeh.
  3250 | D:3      | Found a faded altar of an unknown god.
  3252 | D:3      | Found a faded altar of an unknown god.
  3254 | D:3      | Found a hazy altar of Hepliaklqana.
  3759 | D:3      | Found a stormy altar of Qazlal.
  3764 | D:3      | Found an ancient bone altar of Kikubaaqudgha.
  4063 | D:4      | Noticed Menkaure
  4077 | D:4      | Killed Menkaure
  4078 | D:4      | Reached XP level 6. HP: 13/45 MP: 2/10
  4121 | D:4      | Reached skill level 5 in Conjurations
  5612 | D:4      | Learned a level 3 spell: Call Canine Familiar
  5661 | D:5      | Entered Level 5 of the Dungeon
  5684 | D:5      | Gained mutation: You have a small tail. [demonic ancestry]
  5684 | D:5      | Reached XP level 7. HP: 52/52 MP: 3/12
  5778 | D:5      | Found a staircase to the Ecumenical Temple.
  6043 | D:5      | Identified the +1 robe of the Cooper {Str+2 Stlth+}
  6062 | Temple   | Entered the Ecumenical Temple
  6076 | Temple   | Became a worshipper of Gozag Ym Sagoz the Greedy
  6908 | D:2      | Noticed Natasha
  6912 | D:2      | Killed Natasha
  7004 | D:2      | Noticed Natasha
  7006 | D:2      | Killed Natasha
  7081 | D:1      | Bought a potion of might for 40 gold pieces
  7081 | D:1      | Bought a potion of curing for 30 gold pieces
  7081 | D:1      | Bought 2 potions of might for 80 gold pieces
  7081 | D:1      | Bought a potion of curing for 30 gold pieces
  7081 | D:1      | Bought a potion of curing for 30 gold pieces
  7528 | D:6      | Reached XP level 8. HP: 60/60 MP: 1/14
  7730 | D:6      | Learned a level 4 spell: Iskenderun's Mystic Blast
  7809 | D:6      | Noticed Grinder
  7915 | D:7      | Noticed Duvessa
  7915 | D:7      | Noticed Dowan
  7922 | D:7      | Killed Dowan
  7928 | D:7      | HP: 3/60 [Duvessa/+0 short sword (4)]
  7930 | D:7      | Killed Duvessa
  7931 | D:7      | Reached skill level 6 in Conjurations
  8136 | D:6      | Killed Grinder
  8645 | D:6      | Reached skill level 5 in Stealth
  8830 | D:7      | Reached skill level 5 in Spellcasting
  9115 | D:7      | Reached skill level 1 in Hexes
  9346 | D:7      | Reached skill level 5 in Dodging
  9346 | D:7      | Reached skill level 1 in Summonings
  9346 | D:7      | Reached XP level 9. HP: 63/67 MP: 8/16
  9358 | D:7      | Reached skill level 5 in Fighting
 10394 | D:7      | Reached skill level 7 in Conjurations
 11421 | D:8      | Found a flagged portal.
 11493 | Bailey   | Entered a bailey
 11510 | Bailey   | Learned a level 2 spell: Wereblood
 12041 | Bailey   | Noticed an orc high priest
 12042 | Bailey   | Found an iron altar of Okawaru.
 12045 | Bailey   | Noticed an ice devil
 12045 | Bailey   | Noticed a soul eater
 12046 | Bailey   | Noticed a kobold demonologist
 12267 | Bailey   | Noticed an orc knight
 12403 | D:8      | Gained mutation: You are partially covered in sharp spines.
                  | [demonic ancestry]
 12403 | D:8      | Reached XP level 10. HP: 64/76 MP: 2/19
 12539 | D:8      | Found an iron altar of Okawaru.
 12961 | D:8      | Found a staircase to the Lair.
 12985 | D:8      | Reached skill level 8 in Conjurations
 13010 | Lair:1   | Entered Level 1 of the Lair of Beasts
 13010 | Lair:1   | Noticed a six-headed hydra
 13522 | D:8      | Learned a level 3 spell: Stone Arrow
 14441 | D:9      | Noticed a two-headed ogre
 14475 | D:9      | Killed a two-headed ogre
 14476 | D:9      | Reached skill level 1 in Translocations
 14476 | D:9      | Reached skill level 1 in Transmutations
 14913 | D:9      | Found a staircase to the Orcish Mines.
 14931 | D:9      | Reached skill level 1 in Axes
 14944 | D:9      | Reached XP level 11. HP: 22/84 MP: 17/21
 15875 | D:10     | Entered Level 10 of the Dungeon
 16635 | D:10     | Found a runed translucent gate.
 16635 | D:10     | Found a runed translucent gate.
 16636 | D:10     | Found a runed translucent gate.
 16637 | D:10     | Noticed qeuew's ghost (novice DsGl)
 16638 | D:10     | Noticed LustLizard's ghost (journeyman DEAM)
 16638 | D:10     | Noticed lokiplouj's ghost (novice MiBe)
 16848 | D:10     | Paralysed by a hornet for 3 turns
 18778 | D:10     | Slain by an orc warrior

Illustrated notes

Levels and vault maps discovered:
D:1:      minmay_arrival_stone_box, layout_basic, serial_shops, shop,
          st_stairs_1, minmay_misc_feat_rugged
D:2:      layout_loops_ring, hellmonk_ecumenical_altar_blasted, uniq_natasha
D:3:      layout_loops_corners, mainiacjoe_overflow_24_doors,
          amethyst_overflow_temple_binary, chequers_temple_overflow_minitemple,
          serial_shops, shop, dreamdust_princess_corridor, st_stairs_3
D:4:      layout_cave_pods, tso_metal_star, mainiacjoe_overflow_large_starburst,
          uniq_menkaure
D:5:      layout_loops_cross, minmay_temple_entry_mini_moons
D:6:      layout_basic, uniq_grinder
D:7:      layout_loops_corners, chequers_serial_rivers_micro_a, grunt_potential,
          uniq_duvessa
D:8:      layout_loops_ring, okawaru_humans, minmay_lair_entry_grove,
          enter_bailey_4, serial_undead, serial_undead_d, serial_undead_b,
          serial_undead_d, serial_undead_e, serial_undead_c, serial_undead_f,
          kennysheep_generic_room_13
D:9:      layout_basic, erik_orc_4
D:10:     layout_basic, gammafunk_ghost_cemetery
D:11:     layout_basic
Temple:   nicolae_temple_ecumenical_triangle
Lair:1:   layout_regular_city, kennysheep_rathole

Skill      XL: |  1  2  3  4  5  6  7  8  9 10 11 |
---------------+----------------------------------+-----
Stealth        | 2 3 4 5 |  5.1
Dodging        | 2 3 4 5 6 7 |  7.3
Fighting       | 1 2 3 4 6 7 |  7.7
Spellcasting   | 3 4 5 6 7 |  7.5
Conjurations   | 5 6 7 8 |  8.9
Hexes          | 1 3 4 |  4.0
Summonings     | 1 3 |  3.0
Translocations | 1 2 |  2.4
Transmutations | 1 2 |  2.3
Axes           | 1 |  1.8

Action                   |  1- 3 |  4- 6 |  7- 9 | 10-12 || total
-------------------------+-------+-------+-------+-------++-------
Melee: Unarmed           |     1 |       |       |       ||     1
       Staff             |       |       |    26 |       ||    26
       Tailslap          |       |       |     5 |    24 ||    29
       Punch             |       |       |     1 |     4 ||     5
       Dagger            |       |       |     1 |    57 ||    58
       Hand axe          |       |       |       |    75 ||    75
Throw: Boomerang         |       |       |     1 |       ||     1
 Cast: Magic Dart        |    70 |    65 |   129 |    74 ||   338
       Searing Ray       |     5 |    25 |    88 |    51 ||   169
       Call Canine Famil |       |       |     4 |       ||     4
       Dazzling Flash    |       |       |     1 |    18 ||    19
       Iskenderun's Myst |       |       |       |     5 ||     5
       Wereblood         |       |       |       |     1 ||     1
Evoke: Wand              |       |       |     7 |     1 ||     8
  Use: Scroll            |     1 |     8 |     4 |     4 ||    17
       Potion            |       |       |     3 |     9 ||    12
 Stab: Invisible         |       |       |     1 |     8 ||     9
       Sleeping          |       |       |     1 |     3 ||     4
Armor: Robe              |     1 |     1 |    16 |    30 ||    48
Dodge: Dodged            |     9 |    11 |    92 |   266 ||   378
